 Dungeon Crawl Stone Soup version 0.19.4-25-g1b72edd (webtiles) character file.

396 Kosschaser the Ruffian (level 6, -6/61 HPs)
             Began as a Troll Monk on Feb 28, 2017.
             Mangled by an ogre
             ... wielding a +0 giant club
              (10 damage)
             ... on level 4 of the Dungeon.
             The game lasted 00:05:47 (1994 turns).

Kosschaser the Ruffian (Troll Monk)                 Turns: 1994, Time: 00:05:47

Health: -6/61      AC:  6    Str: 22    XL:     6   Next: 52%
Magic:  5/5        EV: 11    Int:  6    God:
Gold:   85         SH:  0    Dex: 12    Spells: 0 memorised, 5 levels left

rFire  . . .     SeeInvis .       - Unarmed
rCold  . . .     Gourm    +     a - +1 robe
rNeg   . . .     Faith    .     (no shield)
rPois  .         Spirit   .     (helmet restricted)
rElec  .         Reflect  .     (no cloak)
rCorr  .         Harm     .     (gloves unavailable)
MR     .....                    (boots unavailable)
Stlth  ++........               q - amulet of magic regeneration
                                (no ring)
                                (no ring)

@: no status effects
A: unfitting armour, claws 3, fast metabolism 3, gourmand, regeneration 1,
shaggy fur 1, tough skin 2
a: no special abilities


You were on level 4 of the Dungeon.
You were very full.

You visited 1 branch of the dungeon, and saw 6 of its levels.

You collected 199 gold pieces.
You spent 114 gold pieces at shops.

Inventory:

Armour
 a - a +1 robe (worn)
Jewellery
 q - an amulet of magic regeneration (around neck)
Scrolls
 c - 2 scrolls of enchant weapon {unknown}
 f - 2 scrolls of identify {unknown}
 i - 2 scrolls of magic mapping {unknown}
 n - a scroll of teleportation
 s - a scroll of noise {unknown}
 t - 2 scrolls of remove curse
 u - a scroll of fear
Potions
 d - a potion of cure mutation {unknown}
 e - a potion of cancellation {unknown}
 h - a potion of magic {unknown}
 j - a potion of mutation {unknown}
 l - a potion of degeneration {unknown}
 m - 2 potions of invisibility {unknown}
 o - a potion of curing {unknown}
 p - 2 potions of flight {unknown}
 v - a potion of heal wounds {unknown}
Comestibles
 b - 4 bread rations
 g - 3 meat rations
 k - 3 fruits


   Skills:
 + Level 3.2 Fighting
 + Level 3.7 Dodging
 + Level 1.3 Stealth
 + Level 5.8 Unarmed Combat


You had 5 spell levels left.
You didn't know any spells.

Dungeon Overview and Level Annotations

Branches:
Dungeon (6/15)
 Temple: D:4-7

Altars:
Ru
Sif Muna

Shops:
D:6 ?


Innate Abilities, Weirdness & Mutations

You are too large for most types of armour.
You have claws for hands.
Your metabolism is lightning-fast.
You like to eat raw meat.
Your natural rate of healing is unusually fast.
You are covered in fur. (AC +1)
You have very tough skin. (AC +2)


Message History

You start eating the chunk of flesh.
This raw flesh tastes great.
An ogre comes into view. It is wielding a giant club.
g - 3 meat rations (gained 1)
There are no items here.
The ogre shouts!
The ogre hits you with a giant club!
You scratch the ogre.
The ogre is lightly wounded.
The ogre hits you with a giant club!!
You scratch the ogre.
The ogre is moderately wounded.
You scratch the ogre but do no damage.
The ogre is moderately wounded.
The ogre hits you with a giant club!!
* * * LOW HITPOINT WARNING * * *
You claw the ogre!
The ogre is severely wounded.
The ogre hits you with a giant club!
You die...

## #.# ..# #.#
#.# #.#########.
# #.#
#.#..>...... #.
#?# #.#.########
##..###.#####.#.#
...%............#
.......O.....####
..####@####.#
#.###.####.#
#......#...
#..........##
#..######.#### #.
.# .# #


You could see an ogre.

Vanquished Creatures
  An ogre (D:5)
  A bullfrog (D:6)
  A howler monkey (D:4)
  An orc priest (D:6)
  A hound (D:6)
  An orc wizard (D:6)
  4 adders
  2 oozes
  3 worms
  A dart slug (D:2)
  2 leopard geckos (D:3)
  4 orcs
  A ball python (D:3)
  11 goblins
  4 hobgoblins
  7 jackals
  2 quokkas (D:2)
  11 bats
  5 frilled lizards
  7 kobolds
  8 rats
78 creatures vanquished.

Notes
Turn   | Place    | Note
-------+----------+-------------------------------------------
     0 | D:1      | Kosschaser the Troll Monk began the quest for the Orb.
     0 | D:1      | Reached XP level 1. HP: 22/22 MP: 0/0
   105 | D:1      | Reached XP level 2. HP: 29/29 MP: 1/1
   601 | D:1      | Reached XP level 3. HP: 35/36 MP: 2/2
   854 | D:2      | Reached XP level 4. HP: 41/44 MP: 3/3
   957 | D:2      | Reached skill level 4 in Unarmed Combat
  1046 | D:2      | Found a deep blue altar of Sif Muna.
  1555 | D:3      | You fall through a shaft for 3 floors!
  1562 | D:6      | Found Bosm's Magic Scroll Shoppe.
  1570 | D:6      | Bought a scroll of remove curse for 36 gold pieces
  1570 | D:6      | Bought a scroll of fear for 42 gold pieces
  1570 | D:6      | Bought a scroll of teleportation for 36 gold pieces
  1588 | D:6      | Found a sacrificial altar of Ru.
  1588 | D:6      | Noticed a wyvern
  1672 | D:6      | Reached XP level 5. HP: 52/53 MP: 4/4
  1751 | D:6      | Reached skill level 5 in Unarmed Combat
  1777 | D:6      | Reached XP level 6. HP: 29/61 MP: 5/5
  1914 | D:6      | Noticed an orc warrior
  1940 | D:5      | Entered Level 5 of the Dungeon
  1993 | D:4      | HP: 3/61 [ogre/giant club (23)]
  1994 | D:4      | Mangled by an ogre

Skill      XL: |  1  2  3  4  5 |
---------------+----------------+-----
Dodging        | 3 |  3.7
Unarmed Combat | 4 5 |  5.8
Fighting       | 3 |  3.2
Stealth        | |  1.3

Action                   |  1- 3 |  4- 6 || total
-------------------------+-------+-------++-------
Melee: Unarmed           |   120 |   118 ||   238
  Use: Scroll            |       |     2 ||     2
 Stab: Sleeping          |     2 |     1 ||     3
  Eat: Chunk             |    13 |    10 ||    23
Armor: Robe              |    58 |    44 ||   102
Dodge: Dodged            |    91 |    72 ||   163
